 Dungeon Crawl Stone Soup version 0.22-a0-429-g97ce8ef (webtiles) character file.

50 Gorglomux the Sneak (level 3, -3/19 HPs)
             Began as a Spriggan Berserker on May 25, 2018.
             Was an Initiate of Ashenzari.
             Slain by a polar bear (5 damage)
             ... created by the rage of Trog
             ... on level 2 of the Dungeon.
             The game lasted 00:01:33 (754 turns).

Gorglomux the Sneak (Spriggan Berserker)             Turns: 754, Time: 00:01:34

Health: -3/19      AC:  2    Str: 14    XL:     3   Next: 55%
Magic:  4/4        EV: 19    Int:  8    God:    Ashenzari [......]
Gold:   66         SH:  0    Dex: 15    Spells: 2/2 levels left

rFire    . . .     SeeInvis +   j - +2 dagger (venom)
rCold    . . .     Gourm    .   (shield restricted)
rNeg     . . .     Faith    .   b - +0 animal skin
rPois    .         Spirit   .   (helmet restricted)
rElec    .         Reflect  .   (no cloak)
rCorr    .         Harm     .   (gloves unavailable)
MR       .....                  (boots unavailable)
Stlth    +++.......             (no amulet)
HPRegen  0.06/turn              (no ring)
MPRegen  0.09/turn              (no ring)

@: slowed, quick
A: very small, unfitting armour, see invisible, herbivore, speed 3, slow
metabolism 2
a: Curse Item, Renounce Religion


You were on level 2 of the Dungeon.
You worshipped Ashenzari.
Ashenzari was noncommittal.
You were not hungry.

You visited 1 branch of the dungeon, and saw 2 of its levels.

You collected 66 gold pieces.

Inventory:

Hand Weapons
 j - a +2 dagger of venom (weapon)
Missiles
 d - 19 stones (quivered)
Armour
 b - a +0 animal skin (worn)
Scrolls
 f - 5 scrolls of identify {unknown}
 g - 2 scrolls of enchant armour {unknown}
 i - a scroll of random uselessness {unknown}
 k - a scroll of remove curse
Potions
 e - a potion of invisibility {unknown}
 h - a potion of berserk rage {unknown}
Comestibles
 c - 3 rations


   Skills:
 + Level 2.4 Fighting
 - Level 3.2 Short Blades
 - Level 4.4 Dodging
 - Level 5.3 Stealth


You had 2 spell levels left.
You didn't know any spells.
Your spell library was empty.

Dungeon Overview and Level Annotations

Branches:
Dungeon (2/15)

Altars:
Ashenzari


Innate Abilities, Weirdness & Mutations

You are very small and have problems with some larger weapons.
You are too small for most types of armour.
You have supernaturally acute eyesight. (SInv)
You are a herbivore.
You cover ground extremely quickly.
You need to consume almost no food.


Message History

Things that are here:
an uncursed robe; the human corpse of Jessica The black bear rages!
The polar bear rages!
You bump into the rock wall!
You feel less confused! The polar bear misses you!
The polar bear closely misses you! The polar bear completely misses you!
The polar bear closely misses you! The polar bear barely misses you!
The polar bear closely misses you! The polar bear barely misses you!
The butt bear claws you! The polar bear claws you!
The polar bear barely misses butt!
The polar bear misses you!
The polar bear butts you!!! * * * don't die
* * * Unknown command!
The black bear rages!
Unknown command!
The polar bear rages!
The polar bear rages!
The polar bear rages!
The butt bear bites you! rip

..# ..# ..# ...#
... ###..###..#
..........
#.........
#@........
#hw.......
#hh.......
#h..#..## #...#
.# #...# #
.######.[.#
..........# #
.#######..##.###.


You could see 2 polar bears, 2 black bears and a worm.

Vanquished Creatures
  Jessica (D:2)
  A dart slug (D:1)
  A goblin (D:1)
  3 jackals
  3 bats
  3 kobolds
  15 rats (D:1)
27 creatures vanquished.

Notes
Turn   | Place    | Note
-------+----------+-------------------------------------------
     0 | D:1      | Gorglomux the Spriggan Berserker began the quest for the Orb.
     0 | D:1      | Reached XP level 1. HP: 11/11 MP: 2/2
     0 | D:1      | Fell from the grace of Trog
    15 | D:1      | Reached skill level 1 in Stealth
    27 | D:1      | Reached skill level 2 in Stealth
    47 | D:1      | Reached XP level 2. HP: 10/16 MP: 3/3
   189 | D:1      | Reached skill level 3 in Stealth
   293 | D:1      | Found a shattered altar of Ashenzari.
   301 | D:1      | Became a worshipper of Ashenzari the Shackled
   390 | D:1      | Reached skill level 4 in Stealth
   722 | D:2      | Noticed Jessica
   729 | D:2      | Killed Jessica
   729 | D:2      | Reached skill level 5 in Stealth
   729 | D:2      | Reached XP level 3. HP: 19/19 MP: 4/4
   745 | D:2      | Noticed a black bear
   745 | D:2      | Noticed a black bear
   745 | D:2      | Noticed a polar bear
   745 | D:2      | Noticed a polar bear
   754 | D:2      | Slain by a polar bear

Vault maps used:
D:1:      erik_arrival_orb_chamber, evilmike_ruin_ashenzari
D:2:      okawaru_ov_weapons_minmay, first_ration, uniq_jessica

Skill      XL: |  1  2 |
---------------+-------+-----
Stealth        | 2 5 |  5.3
Fighting       | |  2.4
Short Blades   | |  3.2
Dodging        | |  4.4

Action                   || total
-------------------------++-------
Melee: Short sword       ||    64
       Dagger            ||     5
Invok: Renounce Religion ||     1
 Stab: Sleeping          ||     4
Armor: Animal skin       ||     7
Dodge: Dodged            ||    72

Table legend:
 A = Spawn XP
 B = Non-spawn XP
 C = Spawn XP percentage of total XP
 D = Spawn monster count
 E = Non-spawn monster count
 F = Spawn count percentage of total count
 G = Total turns spent on level
                    A         B        C        D         E        F      G
               +---------+---------+-------+---------+---------+-------+---------
         Total |       0 |      72 |   0.0 |       0 |      27 |   0.0 |   754
               +---------+---------+-------+---------+---------+-------+---------
           D:1 |       0 |      29 |   0.0 |       0 |      22 |   0.0 |   636
           D:2 |       0 |      43 |   0.0 |       0 |       5 |   0.0 |   118
               +---------+---------+-------+---------+---------+-------+---------
